AoeStats
← TM Caesar

Arabian Desert

508481880Analyzed
1v1 RM · 10d ago on Sep 22, 2026· 44m 0s· 2 players
Game mode
Random Map
Map size
Tiny (2 player)
Population
200
Speed
Normal
Resources
Standard
Victory
Conquest
Starting age
Dark Age
Ending age
Imperial Age
RankedLock teamsTeams togetherTeam positionsShared explorationLock speedFull tech treeHidden civsTurbo modeCheats
Victory
Defeat
🇦🇷 Varangians · Argentina
1622
+15
🇪🇸 Lithuanians · Spain
1602
-15
ulivr
7:07 Loom
9:07 Feudal Age
10:11 Double-Bit Axe
10:52 Horse Collar
12:28 Town Watch
21:00 Castle Age
19:42 Bloodlines
19:39 Scale Barding Armor
19:39 Gold Mining
22:16 Bow Saw
21:53 Pikeman
23:28 Scale Mail Armor
29:50 Squires
32:16 Wheelbarrow
33:38 Light Cavalry
35:29 Light Cavalry
39:49 Imperial Age
39:59 Chain Barding Armor
41:15 Plate Barding Armor
41:18 Husbandry
41:45 Conscription
TM Caesar
2:38 Loom
5:54 Loom
8:50 Feudal Age
9:19 Double-Bit Axe
12:58 Bloodlines
18:28 Forging
18:58 Wheelbarrow
18:43 Horse Collar
21:14 Castle Age
19:41 Scale Barding Armor
21:05 Horse Collar
21:46 Light Cavalry
22:44 Husbandry
26:40 Town Watch
29:08 Iron Casting
33:30 Scale Mail Armor
33:39 Squires
36:36 Chain Mail Armor
42:45 Fletching
42:35 Pikeman
Connection lost

Rejoining the realm…

Still unreachable

The connection could not be restored.

Session expired

The server has moved on; the page needs a fresh start.